 Dungeon Crawl Stone Soup version 0.22.1-6-g1668fe2c40 (webtiles) character file.

1820 Asgardus the Martial Artist (level 9, -5/75 HPs)
             Began as a Hill Orc Monk on Jan 20, 2019.
             Was a Believer of Wu Jian.
             Slain by a two-headed ogre
             ... wielding a +0 giant club
              (9 damage)
             ... on level 8 of the Dungeon on Jan 22, 2019.
             The game lasted 01:48:19 (10391 turns).

Asgardus the Martial Artist (Hill Orc Monk)        Turns: 10391, Time: 01:48:20

Health: -5/75      AC:  4    Str: 15    XL:     9   Next: 10%
Magic:  10/10      EV: 14    Int: 10    God:    Wu Jian [**....]
Gold:   166        SH:  0    Dex: 15    Spells: 8/8 levels left

rFire    + . .     SeeInvis .     - Unarmed
rCold    x . .     Gourm    .   (no shield)
rNeg     . . .     Faith    .   a - +0 robe
rPois    .         Spirit   .   (no helmet)
rElec    .         Reflect  .   (no cloak)
rCorr    .         Harm     .   H - +1 pair of gloves
MR       .....                  (no boots)
Stlth    ++........             (no amulet)
HPRegen  0.22/turn              u - ring of fire
MPRegen  0.12/turn              (no ring)

@: no status effects
A: no striking features
a: Wall Jump, Renounce Religion


You were on level 8 of the Dungeon.
You worshipped Wu Jian.
Wu Jian was pleased with you.
You were not hungry.

You visited 1 branch of the dungeon, and saw 8 of its levels.

You collected 353 gold pieces.
You spent 187 gold pieces at shops.

Inventory:

Hand Weapons
 c - a +1 short sword of venom
 y - a +1 shortbow of freezing
Missiles
 g - 3 tomahawks
 k - 2 throwing nets
 q - 32 poisoned needles (quivered)
 F - 22 stones
Armour
 a - a +0 robe (worn)
 H - a +1 pair of gloves (worn)
Magical Staves
 z - an uncursed staff of poison
Jewellery
 u - a ring of fire (left hand)
Wands
 p - a wand of random effects (21)
 A - a wand of paralysis (9)
Scrolls
 d - 5 scrolls of remove curse
 e - a scroll of noise {unknown}
 f - 2 scrolls of amnesia {unknown}
 h - a scroll of fog
 i - 2 scrolls of enchant weapon {unknown}
 o - 2 scrolls of identify {unknown}
 r - 2 scrolls of teleportation {unknown}
 B - 2 scrolls of enchant armour {unknown}
 D - a scroll of immolation {unknown}
 G - a scroll of holy word {unknown}
Potions
 j - a potion of heal wounds {unknown}
 l - a potion of mutation {unknown}
 m - a potion of magic {unknown}
 n - 3 potions of curing {unknown}
 s - a potion of haste {unknown}
 t - a potion of degeneration {unknown}
 w - a potion of resistance {unknown}
 x - 2 potions of flight {unknown}
Comestibles
 b - a ration
 C - 12 chunks of flesh


   Skills:
 + Level 5.7 Fighting
 * Level 5.3 Throwing
 + Level 4.4 Dodging
 - Level 1.5 Stealth
 + Level 8.7 Unarmed Combat
 + Level 2.2 Evocations


You had 8 spell levels left.
You didn't know any spells.
Your spell library was empty.

Dungeon Overview and Level Annotations

Branches:
Dungeon (8/15)             Temple (0/1) D:5
   Lair: D:8-11

Altars:
Dithmenos
Fedhas
Gozag
Ru
Sif Muna
Uskayaw
Wu Jian
Xom

Shops:
D:7 [}*}


Message History

Aiming: Scattershot
Press: ? - help, Shift-Dir - straight line, f - two-headed ogre
Aim: a two-headed ogre, wielding two giant clubs (moderately wounded, pinned by The burst of metal fragments hits the two-headed ogre. x6
The two-headed ogre is lightly wounded.
The two-headed ogre is severely wounded.
The now-empty wand crumbles to dust.
A killer bee comes into view.
The two-headed ogre barely misses you. The two-headed ogre closely misses you.
A quokka skeleton comes into view.
Evoke which item? (* to show all) (? for menu, Esc to quit)
Aiming: Paralyse
Press: ? - help, Shift-Dir - straight line, f/p - two-headed ogre
Aim: a two-headed ogre, wielding two giant clubs (severely wounded, chance to The two-headed ogre easily resists.
You hear the creaking of a very distant portcullis.
The two-headed ogre hits you with a giant club!
* * * LOW HITPOINT WARNING * * *
The two-headed ogre hits you with a giant club!
You die...

.# #OW##.# #.. # .#
#F.##..# #.# #.
5#.. #...# #.#
##..###(###..# #
#.#
#.?....O....##>#
#.#
#..#......Z.....#
##.# ###....o..####
##... #..>.O..#
#..#. ......##@###
#.###
####.###.##########
#..#. #.
#..........####...
#.
##########........
#. #######.# .# .#
.. ..


You could see 2 two-headed ogres, a crimson imp, an orc and a centaur skeleton.

Vanquished Creatures
  A hungry ghost (D:7)
  Edmund (D:6)
  An orc warrior (D:7)
  A sky beast (D:6)
  A black bear (D:6)
  An ice beast (D:6)
  A phantom (D:7)
  2 ogres
  2 centaurs (D:6)
  A bullfrog (D:6)
  2 scorpions
  2 crimson imps
  A centaur zombie (D:7)
  A hound (D:6)
  2 orc priests
  3 orc wizards (D:7)
  2 bullfrog skeletons
  An iguana (D:4)
  2 worker ants
  A hound zombie (D:8)
  A hound skeleton (D:6)
  A worker ant zombie (D:6)
  4 adders
  A howler monkey skeleton (D:4)
  2 shadow imps (D:7)
  An ooze (D:2)
  An adder skeleton (D:5)
  2 worms (D:3)
  4 dart slugs
  3 leopard geckos
  14 orcs
  6 bats
  6 giant cockroaches
  10 hobgoblins
  10 jackals
  A quokka (D:3)
  7 frilled lizards
  6 goblins
  A jackal zombie (D:5)
  8 kobolds
  2 quokka skeletons (D:6)
  7 rats
127 creatures vanquished.

Notes
Turn   | Place    | Note
-------+----------+-------------------------------------------
     0 | D:1      | Asgardus the Hill Orc Monk began the quest for the Orb.
     0 | D:1      | Reached XP level 1. HP: 19/19 MP: 1/1
   112 | D:1      | Reached XP level 2. HP: 25/27 MP: 2/2
   327 | D:1      | HP: 1/27 [jackal (1)]
   683 | D:1      | Reached XP level 3. HP: 31/33 MP: 3/3
  1049 | D:2      | Reached skill level 1 in Throwing
  1049 | D:2      | Reached skill level 4 in Unarmed Combat
  1317 | D:2      | Found an opulent altar of Gozag.
  1346 | D:2      | Reached XP level 4. HP: 19/40 MP: 4/4
  1776 | D:2      | Found a shimmering altar of Xom.
  2671 | D:3      | Found a shadowy altar of Dithmenos.
  2672 | D:3      | Found a hide-covered altar of Uskayaw.
  2731 | D:3      | Found a sacrificial altar of Ru.
  2861 | D:3      | Found an ornate altar of the Wu Jian Council.
  2865 | D:3      | Became a worshipper of the Wu Jian Council
  2865 | D:3      | Reached * piety under Wu Jian
  2865 | D:3      | Reached ** piety under Wu Jian
  3015 | D:3      | Reached XP level 5. HP: 40/46 MP: 5/5
  3190 | D:3      | Found a deep blue altar of Sif Muna.
  3190 | D:3      | Found an opulent altar of Gozag.
  3192 | D:3      | Found a sacrificial altar of Ru.
  3967 | D:4      | Reached skill level 5 in Unarmed Combat
  3967 | D:4      | Reached XP level 6. HP: 26/52 MP: 6/6
  4839 | D:5      | Entered Level 5 of the Dungeon
  5639 | D:5      | Found a staircase to the Ecumenical Temple.
  5961 | D:6      | Found a blossoming altar of Fedhas.
  5996 | D:6      | HP: 1/53 [bullfrog (3)]
  6316 | D:6      | Reached XP level 7. HP: 26/60 MP: 7/7
  6620 | D:6      | Reached skill level 6 in Unarmed Combat
  7309 | D:6      | HP: 2/60 [something (11)]
  7321 | D:6      | Reached skill level 7 in Unarmed Combat
  7321 | D:6      | Reached XP level 8. HP: 5/67 MP: 8/8
  7753 | D:6      | Noticed Edmund
  7774 | D:6      | Killed Edmund
  7774 | D:6      | Reached skill level 1 in Evocations
  8061 | D:6      | Reached skill level 5 in Fighting
  8883 | D:7      | HP: 3/68 [orc warrior/mace (13)]
  9479 | D:7      | Found Ryxipoc's Antique Armour Boutique.
  9542 | D:7      | Reached skill level 8 in Unarmed Combat
  9574 | D:7      | Bought a pair of runed gloves for 187 gold pieces
  9659 | D:7      | Reached skill level 5 in Throwing
  9683 | D:7      | Found Onahuelu's Gadget Shoppe.
  9707 | D:7      | Found Guifal's Gadget Shoppe.
  9729 | D:7      | Found Kuofanicau's Assorted Antiques.
 10048 | D:7      | Reached XP level 9. HP: 44/75 MP: 10/10
 10379 | D:8      | Noticed a two-headed ogre
 10380 | D:8      | Noticed a two-headed ogre
 10391 | D:8      | Slain by a two-headed ogre

Skill      XL: |  1  2  3  4  5  6  7  8 |
---------------+-------------------------+-----
Fighting       | 4 5 |  5.7
Throwing       | 1 2 3 4 5 |  5.3
Unarmed Combat | 4 5 7 8 |  8.7
Dodging        | 3 4 |  4.4
Evocations     | 2 |  2.2
Stealth        | |  1.5

Action                   |  1- 3 |  4- 6 |  7- 9 || total
-------------------------+-------+-------+-------++-------
Melee: Unarmed           |   118 |   198 |   248 ||   564
       Punch             |       |     6 |     9 ||    15
Throw: Stone             |    29 |   104 |       ||   133
Invok: Wall Jump         |       |     6 |     2 ||     8
       Whirlwind         |       |     2 |     4 ||     6
Evoke: Wand              |       |     3 |    24 ||    27
  Use: Scroll            |       |     1 |     3 ||     4
 Stab: Sleeping          |       |     2 |       ||     2
       Paralysed         |       |       |     3 ||     3
  Eat: Ration            |     1 |     3 |     6 ||    10
       Chunk             |       |     4 |     3 ||     7
Armor: Robe              |    16 |    12 |    24 ||    52
Dodge: Dodged            |    68 |   106 |   118 ||   292
